 Dungeon Crawl Stone Soup version 0.21-a0-201-g8501b10 (webtiles) character file.

1780 badjuju the Grappler (level 8, 0/80 HPs)
             Began as a Troll Fighter on Aug 18, 2017.
             Was a Follower of Okawaru.
             Succumbed to a killer bee's poison
             ... on level 6 of the Dungeon.
             The game lasted 00:06:17 (5230 turns).

badjuju the Grappler (Troll Fighter)                Turns: 5230, Time: 00:06:18

Health: 0/80       AC:  5    Str: 27    XL:     8   Next: 81%
Magic:  7/7        EV:  7    Int:  4    God:    Okawaru [*.....]
Gold:   238        SH:  9    Dex:  9    Spells: 7/7 levels left

rFire    . . .     SeeInvis .     - Unarmed
rCold    . . .     Gourm    +   b - +0 shield
rNeg     . . .     Faith    +   a - +0 robe
rPois    .         Spirit   .   (helmet restricted)
rElec    .         Reflect  .   (no cloak)
rCorr    +         Harm     .   (gloves unavailable)
MR       .....                  (boots unavailable)
Stlth    +.........             l - amulet of faith
HPRegen  0.63/turn              A - ring of resist corrosion
MPRegen  0.10/turn              (no ring)

@: lethally poisoned (0 -> -1), heavily drained
A: unfitting armour, claws 3, fast metabolism 3, gourmand, regeneration 1,
shaggy fur 1, tough skin 2
a: Heroism, Renounce Religion


You were on level 6 of the Dungeon.
You worshipped Okawaru.
Okawaru was aware of your devotion.
You were full.

You visited 1 branch of the dungeon, and saw 7 of its levels.

You collected 238 gold pieces.

Inventory:

Hand Weapons
 t - a +0 blowgun
Missiles
 s - 20 poisoned needles
 w - 7 javelins (quivered)
Armour
 a - a +0 robe (worn)
 b - a +0 shield (worn)
Jewellery
 l - an amulet of faith (around neck)
 A - a ring of resist corrosion (left claw)
Wands
 y - a wand of acid (4/15)
Scrolls
 k - 3 scrolls of identify
 m - 4 scrolls of blinking {unknown}
 n - 2 scrolls of magic mapping
 p - 4 scrolls of teleportation
 q - 4 scrolls of recharging {unknown}
 z - a scroll of amnesia {unknown}
Potions
 c - 2 potions of might
 e - a potion of curing
 f - a potion of berserk rage
 h - 2 potions of mutation {unknown}
 i - a potion of flight
 j - 2 potions of degeneration {unknown}
 o - a potion of ambrosia {unknown}
 r - a potion of cancellation {unknown}
 v - a potion of resistance {unknown}
 x - a potion of heal wounds {unknown}
Comestibles
 d - 4 bread rations
 g - 2 meat rations
 u - 3 fruits
 B - a royal jelly


   Skills:
 + Level 5.2(3.4) Fighting
 - Level 2.4(0.7) Dodging
 + Level 5.3(3.5) Shields
 * Level 8.4(6.4) Unarmed Combat


You had 7 spell levels left.
You didn't know any spells.

Dungeon Overview and Level Annotations

Branches:
Dungeon (7/15)
 Temple: D:4-7

Altars:
Dithmenos
Okawaru
Vehumet
Xom
Zin


Innate Abilities, Weirdness & Mutations

You are too large for most types of armour.
You have claws for hands.
Your metabolism is lightning-fast.
You like to eat raw meat.
Your natural rate of healing is unusually fast.
You are covered in fur. (AC +1)
You have very tough skin. (AC +2)


Message History

* * * LOW HITPOINT WARNING * * *
The orc priest hits you with a flail!
* * * LOW HITPOINT WARNING * * *
You block the killer bee's attack. The killer bee barely misses you.
You feel sick. You block the killer bee's attack.
The killer bee barely misses you. The orc priest hits you with a flail!
* * * LOW HITPOINT WARNING * * *
You feel sick. The killer bee stings you.
* * * LOW HITPOINT WARNING * * *
Okay, then.
Unknown command.
You feel better. The killer bee stings you!
* * * LOW HITPOINT WARNING * * *
You are poisoned.
The killer bee poisons you!
The orc priest looks encouraged for a moment.
The killer bee stings you.
* * * LOW HITPOINT WARNING * * *
Unknown command.
You die...

####################....#########
........................#
####################.##.#
#........# #....##.# #.######.#
#....##.# #.# #.# #....##.#
#.######.# #....##.#
#.....##.####yyo.##.#
#.....##....@..y.##.#
#.....#############.#########
#.....'....# #...............
#.....####.###.####..........
#..............####.#########
#####.....####.###....#..........
....#........#.###....##.........
....#....###.#...'....+..........
....#....'...#.###....#.#.###.##.


You could see 3 killer bees and an orc priest.

Vanquished Creatures
  The ghost of Gorglomux the Skirmisher, a novice HOIE of Trog (D:4)
  An orc warrior (D:5)
  An ice beast (D:4)
  3 ogres
  Blork the orc (D:5)
  2 bullfrogs (D:6)
  A water moccasin skeleton (D:4)
  2 wights (D:6)
  A howler monkey (D:4)
  2 crimson imps (D:5)
  2 jellies (D:4)
  2 orc priests
  A hound (D:6)
  3 orc wizards
  2 iguanas
  3 worker ants
  A worker ant zombie (D:6)
  7 adders
  A gnoll (D:1)
  9 oozes
  4 worms
  5 dart slugs
  5 leopard geckos
  7 orcs
  6 bats
  3 giant cockroaches
  4 goblins
  11 hobgoblins
  7 jackals
  2 quokkas (D:4)
  4 frilled lizards
  18 kobolds
  2 leopard gecko zombies (D:5)
  9 rats
133 creatures vanquished.

Vanquished Creatures (others)
  2 fungi (D:4)
  7 toadstools (D:4)
9 creatures vanquished.

Grand Total: 142 creatures vanquished

Notes
Turn   | Place    | Note
-------+----------+-------------------------------------------
     0 | D:1      | badjuju the Troll Fighter began the quest for the Orb.
     0 | D:1      | Reached XP level 1. HP: 22/22 MP: 0/0
    96 | D:1      | Reached XP level 2. HP: 23/29 MP: 1/1
   316 | D:1      | Reached XP level 3. HP: 36/36 MP: 2/2
   549 | D:2      | Reached skill level 3 in Unarmed Combat
   758 | D:2      | Reached XP level 4. HP: 44/44 MP: 3/3
  1343 | D:3      | Reached XP level 5. HP: 53/53 MP: 4/4
  1871 | D:4      | Noticed an ice beast
  1882 | D:4      | Killed an ice beast
  1882 | D:4      | Reached skill level 4 in Unarmed Combat
  2054 | D:4      | Noticed Gorglomux's ghost (novice HOIE)
  2057 | D:4      | Reached XP level 6. HP: 58/61 MP: 5/5
  2074 | D:4      | Killed Gorglomux's ghost
  2074 | D:4      | Reached skill level 5 in Unarmed Combat
  2074 | D:4      | Reached XP level 7. HP: 66/70 MP: 6/6
  2248 | D:4      | Reached skill level 6 in Unarmed Combat
  2692 | D:5      | Entered Level 5 of the Dungeon
  2856 | D:5      | Noticed Blork the orc
  2866 | D:5      | Killed Blork the orc
  2866 | D:5      | Reached XP level 8. HP: 53/79 MP: 7/7
  3053 | D:5      | Found a shadowy altar of Dithmenos.
  3249 | D:5      | Reached skill level 7 in Unarmed Combat
  3256 | D:5      | Found a radiant altar of Vehumet.
  3892 | D:5      | Found a shimmering altar of Xom.
  3898 | D:5      | Reached skill level 5 in Shields
  3951 | D:5      | Found a glowing silver altar of Zin.
  3955 | D:5      | Found an iron altar of Okawaru.
  4174 | D:5      | Became a worshipper of Warmaster Okawaru
  4302 | D:6      | Reached skill level 5 in Fighting
  4518 | D:6      | Reached skill level 8 in Unarmed Combat
  5033 | D:6      | You fall through a shaft!
  5050 | D:6      | Reached * piety under Okawaru
  5228 | D:6      | HP: 3/80 [killer bee (3)]
  5229 | D:6      | HP: 1/80 [killer bee (5)]
  5230 | D:6      | Succumbed to a killer bee's poison

Vault maps used:
D:1:      dpeg_arrival_tiny_a, corexii_corridor_pit
D:2:      glass_columns_c
D:4:      cheibrodos_fertilizer
D:5:      minmay_overflow_temple_star_quad, lemuel_doored_altar, first_bread,
          grunt_dithmenos_smoke_and_mirrors, uniq_blork_the_orc
D:7:      minmay_temple_entry_glassed_door, grunt_livestock

Skill      XL: |  1  2  3  4  5  6  7  8 |
---------------+-------------------------+-----
Unarmed Combat | 3 4 5 6 8 |  8.4
Shields        | 3 4 5 |  5.3
Fighting       | 3 4 5 |  5.2
Dodging        | |  2.4

Action                   |  1- 3 |  4- 6 |  7- 9 || total
-------------------------+-------+-------+-------++-------
Melee: Unarmed           |   111 |   126 |   170 ||   407
  Use: Scroll            |     1 |     5 |       ||     6
       Potion            |       |       |     1 ||     1
  Eat: Chunk             |    13 |     7 |    21 ||    41
       Meat ration       |       |       |     1 ||     1
       Bread ration      |       |       |     1 ||     1
Armor: Robe              |    38 |    40 |    26 ||   104
Dodge: Dodged            |    42 |    33 |    61 ||   136
Block: Shield            |    53 |    66 |    64 ||   183
